 Dungeon Crawl Stone Soup version 0.24.0-29-g8ce449bc06 (webtiles) character file.

Game seed: 1225483033130859078, levelgen mode: deterministic

45 Curus the Twirler (level 3, 0/27 HPs)
             Began as a Demonspawn Gladiator on Nov 14, 2019.
             Slain by a jackal (3 damage)
             ... on level 1 of the Dungeon.
             The game lasted 00:03:19 (838 turns).

Curus the Twirler (Demonspawn Gladiator)             Turns: 838, Time: 00:03:19

Health: 0/27       AC:  5    Str: 14    XL:     3   Next: 42%
Magic:  3/3        EV: 12    Int:  9    God:
Gold:   68         SH:  0    Dex: 15    Spells: 2/2 levels left

rFire    . . .     SeeInvis .   a - +0 quarterstaff
rCold    . . .     Gourm    .   (shield currently unavailable)
rNeg     . . .     Faith    .   b - +0 leather armour
rPois    .         Spirit   .   c - +0 helmet
rElec    .         Reflect  .   (no cloak)
rCorr    .         Harm     .   (no gloves)
MR       .....                  (no boots)
Stlth    +.........             (no amulet)
HPRegen  0.09/turn              (no ring)
MPRegen  0.08/turn              (no ring)

@: no status effects
A: rugged brown scales 1
a: no special abilities


You were on level 1 of the Dungeon.
You were not hungry.

You visited 1 branch of the dungeon, and saw 1 of its levels.

You collected 68 gold pieces.

Inventory:

Hand Weapons
 a - a +0 quarterstaff (weapon)
Missiles
 d - a throwing net (quivered)
Armour
 b - a +0 leather armour (worn)
 c - a +0 helmet (worn)
Scrolls
 e - 3 scrolls of remove curse
Comestibles
 f - a ration


   Skills:
 - Level 2.0 Fighting
 + Level 4.1 Staves
 - Level 1.7 Throwing
 - Level 2.6 Dodging


You had 2 spell levels left.
You didn't know any spells.
Your spell library was empty.

Dungeon Overview and Level Annotations

Branches:
Dungeon (1/15)

Altars:


Innate Abilities, Weirdness & Mutations

You are partially covered in rugged brown scales. (AC +1, +3% HP)


Message History

The jackal misses you. The jackal closely misses you.
The jackal bites you but does no damage.
The jackal closely misses you.
Throwing (i - inventory)
d - 2 throwing nets (quivered)
Press: ? - help, Shift-Dir - straight line, f/p - ooze
Aim: an ooze (heavily wounded)
You throw a throwing net.
The throwing net closely misses the jackal.
The throwing net hits the ooze.
The ooze is caught in the net!
The ooze is heavily wounded.
The jackal misses you.
The ooze struggles against the net.
You closely miss the jackal.
The jackal bites you but does no damage.
The ooze struggles against the net.
The jackal closely misses you.
You closely miss the jackal.
The jackal bites you but does no damage.
The ooze struggles against the net.
You barely miss the jackal. The jackal bites you.
You die...

#...#.# ##........PP♣PP♣P..#.##
####.##.####.......PP.♣♣♣♣P..#.#
.....##.#...............♣♣PP.#.#
#######.............##....♣PP#.#
#.....#.#.........###...♣♣.#'##
#.###.#.#.........###..♣.PP....
#.###.#.#........(......PPP....
###.#...#.....#'####......P.P....
......P..P......@h.Jr....#P......
#####..♣♣♣♣P###.#######..####....
......♣♣ ♣♣♣....# ##.## #....
###...P♣♣♣.PP#### #..# #....
#...♣♣.♣♣♣...##########'###....
#.##.P♣P♣......##.........#....
#.##P.♣P.......##.........###.#
#.###...##.....##.........# #.#
###.###.######+###########'## #..


You could see an ooze (caught), a jackal and a rat.

Vanquished Creatures
  3 oozes (D:1)
  7 giant cockroaches (D:1)
  4 goblins (D:1)
  3 hobgoblins (D:1)
  3 jackals (D:1)
  5 kobolds (D:1)
  4 rats (D:1)
29 creatures vanquished.

Notes
Turn   | Place    | Note
-------+----------+-------------------------------------------
     0 | D:1      | Curus the Demonspawn Gladiator began the quest for the Orb.
     0 | D:1      | Reached XP level 1. HP: 16/16 MP: 1/1
     1 | D:1      | Found a runed translucent door.
    58 | D:1      | Reached skill level 3 in Staves
   260 | D:1      | Gained mutation: You are partially covered in rugged brown
                  | scales. (AC +1, +3% HP) [demonic ancestry]
   260 | D:1      | Reached XP level 2. HP: 14/22 MP: 2/2
   740 | D:1      | Reached XP level 3. HP: 27/27 MP: 3/3
   767 | D:1      | Reached skill level 4 in Staves
   786 | D:1      | HP: 1/27 [ooze (3)]
   838 | D:1      | Slain by a jackal

Levels and vault maps discovered:
D:1:      dpeg_arrival_caged_fury, layout_basic, serial_forest,
          infiniplex_forest_clump_large, infiniplex_forest_corner_1,
          infiniplex_forest_clump_cross, infiniplex_forest_straight_5,
          infiniplex_forest_clump_medium, infiniplex_forest_clump_small,
          infiniplex_forest_clump_curved

Skill      XL: |  1  2  3 |
---------------+----------+-----
Staves         | 3 4 |  4.1
Fighting       | |  2.0
Throwing       | |  1.7
Dodging        | |  2.6

Action                   || total
-------------------------++-------
Melee: Quarterstaff      ||    99
Throw: Throwing net      ||     2
  Use: Scroll            ||     3
       Potion            ||     2
 Stab: Sleeping          ||     1
Armor: Leather armour    ||    49
Dodge: Dodged            ||    92
